 Dungeon Sprint DCSS version 0.31-a0-851-g7ff8af7976 (webtiles) character file.

Game seed: 17801550592506179890

35 sircluck the Ruffian (level 3, -2/58 HPs)
             Began as a Troll Berserker on Oct 5, 2023.
             Was a Follower of Trog.
             Slain by a hellwing (5 damage)
             ... in the Dungeon (Sprint VII: "The Pits").
             The game lasted 00:00:09 (28 turns).

sircluck the Ruffian (Troll Berserker)                Turns: 28, Time: 00:00:09

Health: -2/58      AC:  4    Str: 27    XL:     3   Next: 16%
Magic:  2/2        EV: 10    Int:  3    God:    Trog [*.....]
Gold:   0          SH:  0    Dex:  9    Spells: 2/2 levels left

rFire   . .          .
                       - Unarmed
rCold   . . .        (no shield)
rNeg    . . .        a - +0 animal skin
rPois   .            (helmet restricted)
rElec   .            (no cloak)
rCorr   .            (gloves unavailable)
SInv    .            (boots unavailable)
Will    .....        (no amulet) Stlth
                     (no ring)
HPRegen 1.09/turn    (no ring)
MPRegen 0.08/turn

%: no teleportation
@: berserking, very quick
A: large, unfitting armour, claws 3, regeneration 1, shaggy fur 1, tough skin 1
a: Renounce Religion, Berserk


You were in the Dungeon.
You worshipped Trog.
Trog was aware of your devotion.
You visited 1 branch

Inventory:

Armour
 a - a +0 animal skin (worn)
Scrolls
 g - a scroll of blinking
Potions
 b - a potion of curing
 c - a potion of heal wounds
 d - a potion of haste
 e - 2 potions of magic
 f - a potion of berserk rage


   Skills:
 + Level 3.9 Fighting
 + Level 3.8 Dodging
 + Level 4.6 Unarmed Combat


You had 2 spell levels left.
You didn't know any spells.
Your spell library was empty.

Dungeon Overview and Level Annotations

Branches:
Dungeon (1/1)

Altars:


Innate Abilities, Weirdness & Mutations

You are too large for most types of armour.
You have claws for hands.
Your natural rate of healing is unusually fast.
You are covered in fur. (AC +1)
You have tough skin. (AC +1)


Message History

The hellwing hits you.
Your Fighting skill increases to level 3!
Your Dodging skill increases to level 3!
Your Unarmed Combat skill increases to level 4!
You have reached level 2!
You have reached level 3!
Your experience leads to an increase in your attributes!
Increase (S)trength, (I)ntelligence, or (D)exterity?
You feel stronger. x3
Unknown command.
Unknown command.
Unknown command.
You barely miss the hellwing. You claw the hellwing!
The hellwing is moderately wounded.
The hellwing hits you! The hellwing hits you.
You claw the hellwing!
The hellwing is heavily wounded.
The rime drake bites you. The hellwing hits you! The hellwing hits you.
* * * LOW HITPOINT WARNING * * *
You closely miss the hellwing.
The hellwing is heavily wounded.
You scratch the hellwing.
The hellwing is heavily wounded.
The rime drake bites you.
* * * LOW HITPOINT WARNING * * *
The hellwing hits you but does no damage.
The hellwing barely misses you.
You scratch the hellwing but do no damage.
The hellwing is heavily wounded.
The rime drake closely misses you.
You scratch the hellwing.
The hellwing is heavily wounded.
The hellwing barely misses you. x2; The rime drake completely misses you.
You barely miss the hellwing.
The hellwing is heavily wounded.
The hellwing hits you!
* * * LOW HITPOINT WARNING * * *
The hellwing hits you.
You die...

#................+
+................+
#......#..#......#
#................#
####'#####''######
#.......##''#####
#.......##......#
#.......##...4..#
#...<...###.@..##
#.......# ##k'##
#.......# ....#
#.......# ......#
##########......+
#......# ##....##
##++##


You could see a hellwing and a rime drake.

Vanquished Creatures
  A crimson imp (D)
1 creature vanquished.

Notes
Turn   | Place    | Note
-------+----------+-------------------------------------------
     0 | D        | sircluck the Troll Berserker began the quest for the Orb.
     0 | D        | Reached XP level 1. HP: 22/22 MP: 0/0
    17 | D        | Noticed a crimson imp
    17 | D        | Noticed a hellwing
    17 | D        | Noticed a rime drake
    20 | D        | Killed a crimson imp
    21 | D        | Reached skill level 4 in Unarmed Combat
    21 | D        | Reached XP level 2. HP: 32/32 MP: 1/1
    21 | D        | Reached XP level 3. HP: 39/39 MP: 2/2
    28 | D        | Slain by a hellwing

Illustrated notes

Levels and vault maps discovered:
D:        pitsprint [storerooms_1, entrance_room_1, metal_vault_2, armoury_3,
          mini_pit_1, grid_room_1, main_hall_1, silver_pit, the_coven_2,
          the_vestibule_1, steel_vault_4, golden_pit, hallway_of_sentries,
          crystal_vault_4, iron_vault_1, final_vault]

Skill      XL: |  1 |
---------------+----+-----
Fighting       | 3 |  3.9
Dodging        | 3 |  3.8
Unarmed Combat | 4 |  4.6

Action                     || total
---------------------------++-------
  Melee: Unarmed           ||    10
 Invoke: Berserk           ||     1
 Armour: Animal skin       ||    14
  Dodge: Dodged            ||     6

Table legend: (Time is in decaauts)
 A = Elapsed time spent in this place.
 B = Non-inter-level travel time spent in this place.
 C = Inter-level travel time spent in this place.
 D = Time resting spent in this place.
 E = Time spent auto-exploring this place.
 F = Levels seen in this place.
 G = Mean time per level.
                   A        B        C        D        E       F      G
               +--------+--------+--------+--------+--------+-----+--------+
         Total |     24 |     24 |      0 |      0 |     17 |   1 |   24.0 |
       Dungeon |     24 |     24 |      0 |      0 |     17 |   1 |   24.0 |
               +--------+--------+--------+--------+--------+-----+--------+

Top non-repeatable levels by time:
       D: 24 daAuts
